 Dungeon Crawl Stone Soup version 0.20.0-14-g326068f (webtiles) character file.

46067 Monsterracer the Basher (level 14, -1/88 HPs)
             Began as a Gargoyle Fighter on June 8, 2017.
             Was a High Priest of the Shining One.
             Slain by a deep troll (8 damage)
             ... on level 1 of the Depths.
             The game lasted 00:39:49 (15288 turns).

Monsterracer the Basher (Gargoyle Fighter)         Turns: 15288, Time: 00:39:49

Health: -1/88      AC: 36    Str: 23    XL:     14   Next: 35%
Magic:  19/21      EV: 12    Int: 11    God:    the Shining One [*****.]
Gold:   455        SH: 12    Dex: 13    Spells: 9/13 levels left

rFire    + . .     SeeInvis +   B - +2 morningstar (freeze)
rCold    + . .     Gourm    .   c - +0 shield
rNeg     + + +     Faith    .   y - +3 plate armour
rPois    ∞         Spirit   .   q - +3 crown of Dyrovepreva {rElec Int+2 SInv}
rElec    +         Reflect  .   u - scarf {rC+ rF+}
rCorr    .         Harm     .   z - +2 pair of gloves
MR       +....                  F - +0 pair of boots {run}
Stlth    ..........             j - amulet of regeneration
Regen    0.7/turn               r - +3 ring of slaying
MPRegen  0.2/turn               s - +3 ring of evasion

@: flying, glowing, quick
A: big wings, talons 1, negative energy resistance 1, shaggy fur 1, electricity
resistance, strong 1, unbreathing, petrification resistance, rot immunity, AC +9
a: Stop Flying, Divine Shield, Cleansing Flame, Summon Divine Warrior, Renounce
Religion


You were on level 1 of the Depths.
You worshipped the Shining One.
The Shining One was extremely pleased with you.
You were very hungry.

You visited 3 branches of the dungeon, and saw 17 of its levels.
You also visited: Labyrinth.

You collected 1202 gold pieces.
You spent 747 gold pieces at shops.

Inventory:

Hand Weapons
 m - a +0 eveningstar
 B - a +2 morningstar of freezing (weapon)
Armour
 c - a +0 shield (worn)
 q - the +3 crown of Dyrovepreva (worn) {rElec Int+2 SInv}
   (You found it on level 11 of the Dungeon)

   It affects your intelligence (+2).
   It insulates you from electricity.
   It lets you see invisible.
 u - a scarf of resistance (worn)
 y - a +3 plate armour (worn)
 z - a +2 pair of gloves (worn)
 C - +0 acid dragon scales
 D - a +0 large shield
 F - a +0 pair of boots of running (worn)
Jewellery
 j - an amulet of regeneration (around neck)
 r - a +3 ring of slaying (left hand)
 s - a +3 ring of evasion (right hand)
 E - an uncursed ring of protection from fire
Wands
 p - a wand of scattershot (3/9)
Scrolls
 e - 3 scrolls of fog
 g - 8 scrolls of identify
 i - 2 scrolls of remove curse
 k - 6 scrolls of enchant weapon
 n - 8 scrolls of teleportation {unknown}
 t - 3 scrolls of magic mapping
 v - 6 scrolls of recharging
 A - 2 scrolls of fear
Potions
 b - 3 potions of magic
 d - 3 potions of might
 o - 3 potions of resistance
 w - a potion of haste
 x - 3 potions of curing
Comestibles
 a - 6 fruits
 f - 11 bread rations
 h - 9 meat rations
 l - 9 royal jellies


   Skills:
 + Level 10.1 Fighting
 * Level 14.5 Maces & Flails
 + Level 10.4 Armour
 + Level 7.4 Dodging
 + Level 10.5 Shields
 + Level 9.8 Invocations


You had 9 spell levels left.
You knew the following spells:

 Your Spells              Type           Power        Failure   Level  Hunger
a - Passwall              Tmut/Erth      #.........   100%        2    ###....
b - Blink                 Tloc           N/A          100%        2    ###....


Dungeon Overview and Level Annotations

Branches:
Dungeon (15/15)            Temple (1/1) D:5            Lair (0/6) D:10
    Orc (0/2) D:12         Vaults (0/5) D:14         Depths (1/5) D:15

Altars:
Ashenzari
Cheibriados
Dithmenos
Elyvilon
Fedhas
Gozag
Hepliaklqana
Kikubaaqudgha
Makhleb
Nemelex Xobeh
Okawaru
Qazlal
Ru
Sif Muna
Trog
Uskayaw
Vehumet
Xom
Yredelemnul
Zin
The Shining One

Shops:
D:4 %   D:10 *   D:11 *   D:12 =}   Depths:1 ?[(

Portals:
Abyss: Depths:1


Innate Abilities, Weirdness & Mutations

You are resistant to torment.
Your stone body is resilient. (AC +9)
You are immune to poison.
Your large and strong wings let you fly indefinitely.
You resist negative energy. (rN+)
You are resistant to electric shocks. (rElec)
You can survive without breathing.
You are immune to petrification.
You are immune to rotting.
You have sharp toenails.
You are covered in fur. (AC +1)
Your muscles are strong. (Str +2)


Message History

* * * LOW HITPOINT WARNING * * *
The deep troll misses you.
The deep troll claws you but does no damage.
The deep troll bites you but does no damage.
The deep troll claws you but does no damage. x2
You puncture the deep troll earth mage! You freeze the deep troll earth mage.
You kill the deep troll earth mage!
The troll leather armour is intact enough to wear.
The deep troll bites you but does no damage.
The deep troll claws you but does no damage. x2
The deep troll closely misses you. x2; You block the deep troll's attack.
You bludgeon the deep troll!! You freeze the deep troll!
The deep troll is heavily wounded.
The deep troll bites you!
* * * LOW HITPOINT WARNING * * *
You block the deep troll's attack. The deep troll barely misses you.
The deep troll bites you but does no damage.
You block the deep troll's attack. The deep troll barely misses you.
You block the deep troll's attack. x2; The deep troll claws you!
You die...

.....∩.....#####..#
#
...#...#.......#..#
#####.########....#
#...# ###..#
#####.## #..###+###
....#.# #..#.....##
....#.##
#..#>.....#
......<# #.T#.....#
.......# #@...(...#
.......# #.T......#
....∩..# #...[....#
##.....# #..'.....#
#.....# #........#
+.....# #..#.....#
#.....# #..###+###
#....># #...
#.....# ##.


You could see 2 deep trolls.

Vanquished Creatures
  Nessos (D:13)
  A minotaur (Lab)
  2 ice dragons (D:15)
  The ghost of Quirk the Fencer, a journeyman VSFi of Makhleb (D:13)
  2 great orbs of eyes (Depths:1)
  2 hydras
  2 dancing weapons (D:13)
  4 centaur warriors
  2 tengu warriors (D:13)
  6 two-headed ogres
  2 deep troll earth magi (Depths:1)
  A deep elf knight (D:13)
  3 unseen horrors
  Pikel (D:7)
  A harpy (shapeshifter) (D:13)
  A wolf spider zombie (D:15)
  3 deep elf magi
  2 cyclopes
  6 manticores
  9 ugly things
  A rime drake (shapeshifter) (D:15)
  2 komodo dragons
  A tengu conjurer (D:13)
  A yaktaur (D:13)
  A harpy zombie (D:14)
  5 trolls
  A hornet (D:13)
  3 slime creatures
  5 hippogriffs
  A vampire (D:12)
  A shadow (D:13)
  A redback (shapeshifter) (D:12)
  A spriggan (D:7)
  2 wyverns
  10 yaks
  3 basilisks
  Grum (D:11)
  6 hungry ghosts
  A steam dragon (D:14)
  3 vampire mosquitoes (D:14)
  An acid dragon (D:12)
  4 water moccasins
  3 porcupines (D:10)
  5 sky beasts
  An eye of draining (D:13)
  A swamp drake (D:11)
  9 orc warriors
  3 ice beasts
  2 slaves (D:7)
  3 black bears
  7 ogres
  4 phantoms
  A necrophage (D:9)
  2 wolves (D:11)
  11 centaurs
  A big kobold (D:10)
  6 bullfrogs
  A wyvern zombie (D:13)
  6 scorpions
  A wyvern skeleton (D:12)
  5 howler monkeys
  7 crimson imps
  A quasit (D:13)
  10 orc priests
  A bullfrog skeleton (D:5)
  4 centaur zombies
  4 hounds
  Crazy Yiuf (D:3)
  An iron imp (D:11)
  15 orc wizards
  4 centaur skeletons
  2 iguanas
  14 worker ants
  2 killer bee zombies
  A hound zombie (D:5)
  2 hound skeletons
  A howler monkey zombie (D:6)
  8 gnolls
  9 adders
  4 shadow imps
  A white imp (D:11)
  4 oozes
  3 adder skeletons
  An adder zombie (D:9)
  3 worms
  7 leopard geckos
  43 orcs
  5 bats
  5 giant cockroaches
  8 goblins
  4 hobgoblins
  8 jackals
  7 quokkas
  2 ball pythons (D:3)
  4 frilled lizards
  A jackal skeleton (D:4)
  10 kobolds
  A leopard gecko zombie (D:6)
  2 quokka skeletons (D:4)
  A quokka zombie (D:5)
  7 rats
397 creatures vanquished.

Vanquished Creatures (collateral kills)
  Louise (D:15)
1 creature vanquished.

Vanquished Creatures (others)
  A centaur (D:13)
  2 orcs (D:7)
  2 fungi (D:10)
  2 plants (D:10)
7 creatures vanquished.

Grand Total: 405 creatures vanquished

Notes
Turn   | Place    | Note
-------+----------+-------------------------------------------
     0 | D:1      | Monsterracer the Gargoyle Fighter began the quest for the Orb.
     0 | D:1      | Reached XP level 1. HP: 14/14 MP: 1/1
   114 | D:1      | Reached XP level 2. HP: 14/19 MP: 2/2
   143 | D:1      | Reached skill level 3 in Maces & Flails
   220 | D:1      | Reached XP level 3. HP: 22/23 MP: 3/3
   740 | D:2      | Reached skill level 4 in Maces & Flails
   816 | D:2      | Reached XP level 4. HP: 25/28 MP: 4/4
  1437 | D:2      | Gained mutation: You are covered in fur. (AC +1) [potion of mutation]
  1437 | D:2      | Gained mutation: You have sharp toenails. [potion of mutation]
  1437 | D:2      | Gained mutation: Your muscles are strong. (Str +2) [potion of mutation]
  1943 | D:3      | Reached skill level 5 in Maces & Flails
  2126 | D:3      | Reached XP level 5. HP: 32/32 MP: 5/5
  2216 | D:3      | Found a runed door.
  2326 | D:3      | Found a deep blue altar of Sif Muna.
  2510 | D:3      | Noticed Crazy Yiuf
  2525 | D:3      | Killed Crazy Yiuf
  2766 | D:4      | Noticed an ogre
  2781 | D:4      | Killed an ogre
  2781 | D:4      | Reached skill level 6 in Maces & Flails
  2781 | D:4      | Reached XP level 6. HP: 14/37 MP: 6/6
  3508 | D:4      | Found Doeteokh's Food Shoppe.
  3693 | D:5      | Entered Level 5 of the Dungeon
  3747 | D:5      | Reached skill level 7 in Maces & Flails
  3988 | D:5      | Found an opulent altar of Gozag.
  4051 | D:5      | Reached XP level 7. HP: 41/41 MP: 7/7
  4115 | D:5      | Found a bloodstained altar of Trog.
  4117 | D:5      | Found a radiant altar of Vehumet.
  4328 | D:5      | Reached skill level 8 in Maces & Flails
  4546 | D:5      | Found a staircase to the Ecumenical Temple.
  4568 | Temple   | Entered the Ecumenical Temple
  4795 | Temple   | Became a worshipper of the Shining One
  5046 | D:6      | Reached XP level 8. HP: 41/46 MP: 8/8
  5052 | D:6      | Reached skill level 9 in Maces & Flails
  5141 | D:6      | Reached skill level 1 in Invocations
  5215 | D:6      | Reached skill level 1 in Dodging
  5579 | D:7      | Found an ancient bone altar of Kikubaaqudgha.
  5792 | D:7      | Noticed Pikel
  5829 | D:7      | Reached XP level 9. HP: 52/52 MP: 9/11
  5876 | D:7      | Killed Pikel
  5876 | D:7      | Reached skill level 5 in Shields
  5906 | D:7      | Reached skill level 5 in Fighting
  5912 | D:7      | Reached skill level 5 in Armour
  5969 | D:7      | Learned a level 2 spell: Passwall
  6012 | D:7      | Reached skill level 10 in Maces & Flails
  6317 | D:8      | Found a shattered altar of Ashenzari.
  6424 | D:8      | Found a shimmering altar of Xom.
  6424 | D:8      | Found a blossoming altar of Fedhas.
  6722 | D:8      | Reached * piety under the Shining One
  7082 | D:9      | Reached XP level 10. HP: 59/59 MP: 13/13
  7885 | D:9      | Reached ** piety under the Shining One
  7910 | D:9      | Reached skill level 5 in Invocations
  8270 | D:10     | Entered Level 10 of the Dungeon
  8284 | D:10     | Noticed a two-headed ogre
  8299 | D:10     | Killed a two-headed ogre
  8299 | D:10     | Reached skill level 11 in Maces & Flails
  8384 | D:10     | Found Veite's Elemental Accessories.
  8508 | D:10     | Noticed a two-headed ogre
  8535 | D:10     | Killed a two-headed ogre
  8535 | D:10     | Reached XP level 11. HP: 9/66 MP: 15/15
  8862 | D:10     | Found a staircase to the Lair.
  9183 | D:11     | Noticed a four-headed hydra
  9193 | D:11     | Killed a four-headed hydra
  9323 | D:11     | Found a labyrinth entrance.
  9332 | Lab      | Entered a labyrinth
  9389 | Lab      | Reached *** piety under the Shining One
  9872 | Lab      | Noticed a minotaur
  9886 | Lab      | Killed a minotaur
 10131 | D:11     | Noticed Grum
 10150 | D:11     | Killed Grum
 10150 | D:11     | Reached skill level 12 in Maces & Flails
 10274 | D:11     | Found Plog's Assorted Antiques.
 10293 | D:11     | Bought 2 potions of might for 216 gold pieces
 10293 | D:11     | Bought a scroll labeled LOXEID AFFAEXO for 27 gold pieces
 10576 | D:11     | Noticed a deep elf mage
 10580 | D:11     | Killed a deep elf mage
 10587 | D:11     | Learned a level 2 spell: Blink
 10592 | D:11     | Noticed a deep elf mage
 10596 | D:11     | Killed a deep elf mage
 10696 | D:12     | Found a staircase to the Orcish Mines.
 10763 | D:12     | Noticed a cyclops
 10787 | D:11     | Reached skill level 5 in Dodging
 10918 | D:12     | Found Wuocwyi's Jewellery Shoppe.
 10945 | D:12     | Killed a cyclops
 10945 | D:12     | Reached XP level 12. HP: 67/73 MP: 16/16
 10984 | D:12     | Found Towk's Gadget Boutique.
 11018 | D:12     | Noticed a two-headed ogre
 11031 | D:12     | Killed a two-headed ogre
 11108 | D:12     | Found an ancient bone altar of Kikubaaqudgha.
 11160 | D:12     | Found a basalt altar of Yredelemnul.
 11430 | D:13     | Noticed Quirk's ghost (journeyman VSFi)
 11454 | D:13     | Killed Quirk's ghost
 11695 | D:13     | Reached **** piety under the Shining One
 11791 | D:13     | Noticed a six-headed hydra
 11792 | D:13     | Noticed a tengu warrior
 11853 | D:13     | Killed a tengu warrior
 11853 | D:13     | Reached skill level 13 in Maces & Flails
 11896 | D:13     | Noticed a centaur warrior
 11905 | D:13     | Killed a centaur warrior
 11913 | D:13     | Noticed a two-headed ogre
 11920 | D:13     | Killed a two-headed ogre
 11973 | D:13     | Noticed a centaur warrior
 11987 | D:13     | Killed a centaur warrior
 12039 | D:13     | Noticed a deep elf knight
 12039 | D:13     | Reached XP level 13. HP: 80/80 MP: 18/18
 12936 | D:14     | Noticed Nessos
 13100 | D:13     | Killed Nessos
 13459 | D:13     | Reached skill level 14 in Maces & Flails
 13632 | D:14     | Reached skill level 10 in Armour
 13649 | D:14     | Reached skill level 10 in Shields
 13702 | D:14     | Found a gate to the Vaults.
 13754 | D:15     | Entered Level 15 of the Dungeon
 13949 | D:15     | Reached ***** piety under the Shining One
 13960 | D:15     | Gained mutation: Your large and strong wings let you fly indefinitely. [Gargoyle growth]
 13960 | D:15     | Reached XP level 14. HP: 86/87 MP: 19/21
 14205 | D:15     | Noticed Louise
 14219 | D:15     | Killed Louise
 14378 | D:15     | Reached skill level 10 in Fighting
 14728 | D:15     | Found a staircase to the Depths.
 15198 | Depths:1 | Entered Level 1 of the Depths
 15198 | Depths:1 | Found a one-way gate to the infinite horrors of the Abyss.
 15198 | Depths:1 | Found Pesoraiv's Weapon Boutique.
 15216 | Depths:1 | Found Tuzal's Armour Shop.
 15218 | Depths:1 | Found Asiep's Magic Scroll Boutique.
 15224 | Depths:1 | Bought a +0 pair of boots of running for 504 gold pieces
 15258 | Depths:1 | Found a snail-covered altar of Cheibriados.
 15288 | Depths:1 | Slain by a deep troll

Skill      XL: |  1  2  3  4  5  6  7  8  9 10 11 12 13 14 |
---------------+-------------------------------------------+-----
Maces & Flails | 3 4 5 6 7 8 9 10 11 12 13 14 | 14.5
Invocations    | 2 4 5 6 7 9 |  9.8
Dodging        | 1 3 4 5 6 7 |  7.4
Shields        | 4 5 7 8 9 10 | 10.5
Fighting       | 4 5 6 7 8 9 10 | 10.1
Armour         | 4 5 7 8 9 10 | 10.4

Action                   |  1- 3 |  4- 6 |  7- 9 | 10-12 | 13-15 || total
-------------------------+-------+-------+-------+-------+-------++-------
Melee: Flail             |    91 |   211 |   285 |   332 |       ||   919
       Kick              |       |    37 |    89 |   175 |   111 ||   412
       Mace              |       |    16 |       |       |       ||    16
       Eveningstar       |       |       |       |   247 |   293 ||   540
       Morningstar       |       |       |       |       |    79 ||    79
Invok: Divine Shield     |       |       |       |     3 |       ||     3
       Cleansing Flame   |       |       |       |       |     1 ||     1
       Summon Divine War |       |       |       |       |     1 ||     1
 Abil: Fly               |       |       |       |       |     1 ||     1
  Use: Potion            |     2 |     7 |     3 |     2 |     1 ||    15
       Scroll            |       |     6 |     4 |     8 |     3 ||    21
  Eat: Chunk             |       |    10 |    13 |    15 |    10 ||    48
       Royal jelly       |       |       |       |     2 |       ||     2
       Bread ration      |       |       |       |     1 |       ||     1
       Fruit             |       |       |       |     1 |       ||     1
Armor: Scale mail        |    41 |   114 |   117 |    22 |       ||   294
       Chain mail        |       |       |       |    94 |       ||    94
       Plate armour      |       |       |       |    43 |    18 ||    61
       Acid dragon scale |       |       |       |    68 |   184 ||   252
       Skin              |       |       |       |     2 |       ||     2
Dodge: Dodged            |    25 |    66 |    76 |   208 |   254 ||   629
Block: Shield            |    45 |   112 |   149 |   298 |   232 ||   836
